Map: Beckett Industries LE

Players

Maru - Winner!

  • Race: Terran Terran
  • League: Master

DPGRogue (Rogue)

  • Race: Zerg Zerg

Event: ASUS ROG Fall 2021

VOD

Have the link to the VOD?

Description

Time

  • Played on: Sept. 19, 2021, 2:30 p.m.
  • Length: 7:50

All games in this series

Show
View Real Time Build Order
Export as new Build Order

Maru Terran - Winner!

Build Orders:  

Get SALT Encoding   

  12  0:00  SCV  
  13  0:12  SCV  
  14  0:17  Supply Depot  
  14  0:24  SCV  
  15  0:38  SCV  
  15  0:41  Barracks  
  16  0:44  Refinery  
  16  0:50  SCV  
  17  1:02  SCV  
  18  1:14  SCV  
  19  1:28  Barracks Reactor, Orbital Command  
  19  1:38  Command Center  
  19  1:49  Supply Depot  
  19  1:53  SCV  
  20  2:05  Factory  
  20  2:06  Marine x2  
  22  2:09  SCV  
  22  2:15  Refinery  
  23  2:21  SCV  
  24  2:24  Marine x2  
  26  2:33  SCV  
  27  2:45  Marine x2, SCV  
  27  2:48  Starport  
  27  2:50  Hellion  
  32  2:55  Orbital Command  
  32  2:57  SCV  
  33  3:09  SCV  
  34  3:13  Supply Depot  
  34  3:18  Hellion x2  
  38  3:21  SCV  
  38  3:26  Medivac  
  42  3:27  SCV  
  42  3:33  SCV  
  43  3:35  Marine  
  43  3:38  Supply Depot  
  43  3:39  SCV  
  43  3:41  Hellion  
  47  3:44  Hellion  
  47  3:46  SCV  
  50  3:53  SCV  
  50  3:54  Barracks Tech Lab  
  51  3:58  Starport Tech Lab  
  51  4:02  SCV  
  52  4:03  Supply Depot  
  52  4:06  SCV  
  53  4:14  SCV  
  53  4:15  Cloaking Field  
  53  4:16  Banshee  
  57  4:17  Marine, Stimpack  
  57  4:18  SCV  
  59  4:26  SCV  
  59  4:30  SCV  
  61  4:38  SCV  
  60  4:39  Command Center  
  60  4:42  SCV  
  60  4:43  Factory Reactor  
  52  4:50  SCV  
  52  4:51  Supply Depot  
  53  4:53  Marine  
  53  4:54  SCV  
  53  4:59  Banshee  
  58  5:02  SCV  
  58  5:06  SCV  
  60  5:10  Barracks x2  
  60  5:14  SCV  
  60  5:15  Engineering Bay  
  60  5:16  Engineering Bay  
  60  5:18  Marine, SCV  
  63  5:25  Refinery  
  63  5:26  SCV  
  64  5:30  SCV, Factory Reactor  
  65  5:39  SCV  
  65  5:40  Barracks  
  65  5:42  SCV, Barracks  
  67  5:44  Terran Infantry Armor Level 1, Refinery, Terran Infantry Weapons Level 1  
  67  5:51  SCV  
  67  5:54  Orbital Command  
  68  5:58  Combat Shield  
  68  5:59  Marine  
  68  6:03  Marine x2  
  71  6:05  SCV  
  71  6:08  Supply Depot x2  
  71  6:10  Marine x2  
  75  6:11  SCV  
  75  6:16  Siege Tank  
  75  6:17  Orbital Command  
  75  6:18  Medivac  
  80  6:19  Marine, SCV  
  80  6:21  Marine  
  80  6:23  SCV  
  84  6:30  Barracks Reactor  
  84  6:31  Barracks Reactor  
  84  6:32  SCV  
  85  6:33  Marine x3  
  85  6:35  SCV  
  85  6:36  Marine  
  85  6:38  Marine  
  91  6:40  Armory  
  91  6:44  SCV  
  91  6:45  SCV  
  93  6:47  SCV  
  93  6:50  Siege Tank  
  93  6:52  Marine x3  
  100  6:56  SCV  
  100  6:57  SCV  
  100  6:58  Medivac  
  100  6:59  SCV  
  105  7:05  Supply Depot  
  105  7:08  SCV  
  105  7:09  Marine, SCV  
  105  7:11  SCV  
  105  7:15  Marine x3  
  100  7:16  Marine x3  
  100  7:20  SCV  
  100  7:21  SCV  
  107  7:24  SCV  
  105  7:32  SCV  
  105  7:33  SCV  
  105  7:36  SCV  
Show
View Real Time Build Order
Export as new Build Order

DPGRogue Zerg 

Build Orders: Hatch First 

Get SALT Encoding   

  12  0:00  Drone  
  13  0:12  Overlord  
  13  0:17  Drone  
  14  0:30  Drone  
  14  0:31  Drone  
  16  0:48  Hatchery  
  15  0:51  Drone  
  15  0:55  Drone  
  17  0:58  Drone  
  18  1:10  Extractor  
  17  1:14  Spawning Pool  
  17  1:16  Drone  
  17  1:19  Drone  
  18  1:28  Drone  
  19  1:39  Drone  
  20  1:49  Drone  
  21  2:01  Queen x2  
  21  2:02  Zergling x4  
  27  2:11  Zergling x2, Overlord  
  28  2:22  Hatchery  
  27  2:24  Drone  
  28  2:30  Drone  
  28  2:31  Drone  
  28  2:32  Drone  
  31  2:39  Queen  
  33  2:44  Metabolic Boost  
  33  2:50  Overlord  
  33  2:52  Drone  
  33  2:55  Drone  
  35  3:03  Drone  
  36  3:10  Drone  
  36  3:11  Drone x4  
  41  3:15  Queen  
  41  3:19  Overlord  
  43  3:21  Zergling x2  
  43  3:26  Overlord  
  44  3:37  Queen  
  44  3:39  Queen  
  48  3:44  Drone  
  48  3:46  Drone x2  
  48  3:47  Overlord  
  50  3:48  Zergling x4  
  50  3:52  Drone x2  
  54  3:56  Queen  
  54  3:58  Drone  
  54  4:02  Overlord  
  57  4:07  Overlord  
  57  4:11  Drone x4  
  57  4:15  Queen  
  63  4:22  Overlord  
  60  4:34  Zergling x8  
  60  4:37  Drone  
  60  4:38  Drone x5  
  59  4:39  Drone  
  59  4:45  Drone x2  
  57  4:48  Drone  
  57  4:49  Zergling x2  
  59  4:56  Zergling x6  
  59  4:59  Drone  
  62  5:00  Drone  
  62  5:05  Drone x2  
  65  5:09  Drone  
  65  5:12  Drone x2  
  68  5:18  Drone  
  68  5:20  Drone  
  70  5:22  Extractor x2, Evolution Chamber, Overlord  
  70  5:24  Drone x3  
  70  5:32  Drone x5  
  70  5:33  Drone x3  
  70  5:34  Lair  
  78  5:40  Drone  
  78  5:42  Drone  
  80  5:45  Drone  
  80  5:46  Extractor  
  80  5:47  Extractor  
  79  5:51  Spore Crawler  
  79  5:52  Spore Crawler  
  79  5:53  Spore Crawler, Drone, Evolution Chamber  
  79  5:54  Drone  
  79  5:55  Drone  
  78  6:00  Hatchery  
  78  6:03  Drone x4  
  81  6:08  Baneling Nest  
  80  6:13  Drone x2  
  80  6:14  Drone x2  
  80  6:22  Drone  
  80  6:23  Drone x4  
  80  6:24  Drone  
  86  6:31  Drone x2  
  86  6:32  Drone x2  
  90  6:35  Overseer  
  90  6:38  Overlord x3  
  90  6:41  Overlord  
  90  6:48  Overlord  
  90  6:54  Overlord  
  90  6:57  Drone  
  90  6:58  Drone x2  
  90  6:59  Drone x4  
  90  7:00  Drone, Hydralisk Den  
  90  7:01  Zergling x4  
  98  7:04  Overseer  
  98  7:07  Zergling x6  
  101  7:11  Zergling x2  
  101  7:13  Zergling x2  
  101  7:15  Zergling x10  
  103  7:22  Zergling x2  
  88  7:23  Zergling x2  
Tags
 
Add a new tag
Caveats
  • Supply blocks, unpowered buildings, or Contaminate may cause inaccurate times.
  • Supply counts are checked every 10 seconds.